 Dungeon Crawl Stone Soup version 0.26-a0-639-g72c4674329 (webtiles) character file.

Game seed: 6193320556582171675

42 Lanoc the Chiller (level 3, -5/24 HPs)
             Began as a Demonspawn Ice Elementalist on Sept 26, 2020.
             Was an Initiate of Qazlal.
             Slain by a gnoll
             ... wielding a +0 spear
              (6 damage)
             ... on level 3 of the Dungeon.
             The game lasted 00:02:06 (1172 turns).

Lanoc the Chiller (Demonspawn Ice Elementalist)     Turns: 1172, Time: 00:02:07

Health: -5/24      AC:  2    Str:  8    XL:     3   Next: 33%
Magic:  0/6        EV: 13    Int: 17    God:    Qazlal [......]
Gold:   53         SH:  0    Dex: 13    Spells: 2/6 levels left

rFire    . . .     SeeInvis .   (no weapon)
rCold    + . .     Faith    .   (no shield)
rNeg     . . .     Spirit   .   a - +0 robe
rPois    .         Reflect  .   (no helmet)
rElec    .         Harm     .   (no cloak)
rCorr    .         Rampage  .   (no gloves)
MR       .....                  (no boots)
Stlth    ++........             (no amulet)
HPRegen  0.08/turn              (no ring)
MPRegen  0.10/turn              (no ring)

@: lethally poisoned (-5 -> -9), stab, very slightly contaminated
A: claws 1, cold resistance 1
a: Renounce Religion


You were on level 3 of the Dungeon.
You worshipped Qazlal.
Qazlal was noncommittal.
You visited 1 branch of the dungeon, and saw 3 of its levels.

You collected 53 gold pieces.

Inventory:

Armour
 a - a +0 robe (worn)
Jewellery
 g - an uncursed ring of see invisible {unknown}
Scrolls
 d - a scroll of remove curse {unknown}
 e - 2 scrolls of identify {unknown}
 f - a scroll of fog {unknown}


   Skills:
 + Level 2.4 Dodging
 - Level 1.7 Stealth
 - Level 2.0 Spellcasting
 * Level 4.4 Ice Magic


You had 2 spell levels left.
You knew the following spells:

 Your Spells              Type           Power        Failure   Level
a - Freeze                Ice            ###.         3%          1
b - Frozen Ramparts       Ice            ###...       10%         3

Your spell library contained the following spells:

 Spells                   Type           Power        Failure   Level
 Ozocubu's Armour         Ice            ###.....     10%         3
 Hailstorm                Conj/Ice       #.......     61%         4
 Summon Ice Beast         Ice/Summ       #.......     61%         4


Dungeon Overview and Level Annotations

Branches:
Dungeon (3/15)

Altars:
Cheibriados
Qazlal

Annotations:
D:3 Natasha


Innate Abilities, Weirdness & Mutations

You have sharp fingernails.
Your flesh is cold resistant. (rC+)


Message History

The gnoll hits you from afar with a +0 spear.
The worm misses you. The adder barely misses you.
Casting: Frozen Ramparts (quite dangerous; 10% risk of failure)
Confirm with . or Enter, or press ? or * to list all spells.
Press: ? - help, Shift-Dir - straight line, f - adder
Aim: an adder You freeze the adder.
The adder is heavily wounded.
The adder bites you.
* * * LOW HITPOINT WARNING * * *
The gnoll hits you from afar with a +0 spear.
* * * LOW HITPOINT WARNING * * *
The worm bites you.
* * * LOW HITPOINT WARNING * * *
You miss the adder.
The adder is heavily wounded.
* * * LOW HITPOINT WARNING * * *
You feel sick. The adder completely misses you.
The gnoll hits you from afar with a +0 spear.
You die...

.......b.#
#.#.#..........
.........#
#.#.#..########
.........# #...#..#
.........# ##.....#
..g......# #.##g##
.........# #.##r#
.....h...# #.##g#
....r)#### #.##w#
#.#.#.# #####.##@# .
#.#)# #...w..#S# #
#.# #w###..#.########
#.###.#....#.........
#g†.w.#.##.##########
#######.##.###
#.##...# #.####.#
#......#


You could see a worm, 2 gnolls, an adder and a rat.

Vanquished Creatures
  A gnoll (D:3)
  An adder (D:3)
  4 orcs (D:3)
  A bat (D:3)
  A giant cockroach (D:3)
  2 hobgoblins (D:3)
  3 kobolds (D:3)
  2 quokkas
  A frilled lizard (D:2)
  2 rats
18 creatures vanquished.

Notes
Turn   | Place    | Note
-------+----------+-------------------------------------------
     0 | D:1      | Lanoc the Demonspawn Ice Elementalist began the quest for
                  | the Orb.
     0 | D:1      | Reached XP level 1. HP: 13/13 MP: 3/3
   382 | D:3      | Found a stormy altar of Qazlal.
   400 | D:3      | Became a worshipper of Qazlal Stormbringer
   401 | D:3      | Gained mutation: You have sharp fingernails. [demonic
                  | ancestry]
   401 | D:3      | Reached XP level 2. HP: 19/19 MP: 0/5
   412 | D:3      | Reached skill level 4 in Ice Magic
   714 | D:3      | Found a snail-covered altar of Cheibriados.
  1100 | D:3      | Gained mutation: Your flesh is cold resistant. (rC+)
                  | [demonic ancestry]
  1100 | D:3      | Reached XP level 3. HP: 24/24 MP: 4/6
  1105 | D:3      | Learned a level 3 spell: Frozen Ramparts
  1126 | D:3      | Noticed Natasha
  1171 | D:3      | HP: 1/24 [worm (2)]
  1172 | D:3      | Slain by a gnoll

Illustrated notes

Levels and vault maps discovered:
D:1:      giann_horns, layout_basic, columned_hall_lemuel
D:2:      layout_loops_cross, lemuel_crystal_altar, fedhas_altar_4, uniq_jessica
D:3:      layout_basic, lemuel_doored_altar, cheibriados_altar_1, uniq_natasha

Skill      XL: |  1  2 |
---------------+-------+-----
Dodging        | 2 |  2.4
Ice Magic      | 4 |  4.4
Stealth        | |  1.7
Spellcasting   | |  2.0

Action                   || total
-------------------------++-------
Melee: Unarmed           ||    25
 Cast: Freeze            ||    25
       Frozen Ramparts   ||     1
  Use: Potion            ||     2
Armor: Robe              ||     6
Dodge: Dodged            ||    35

Table legend: (Time is in decaauts)
 A = Elapsed time spent in this place.
 B = Non-inter-level travel time spent in this place.
 C = Inter-level travel time spent in this place.
 D = Time resting spent in this place.
 E = Time spent auto-exploring this place.
 F = Levels seen in this place.
 G = Mean time per level.
                   A        B        C        D        E       F      G
               +--------+--------+--------+--------+--------+-----+--------+
         Total |   1171 |   1134 |     37 |      5 |    899 |   3 |  390.3 |
       Dungeon |   1171 |   1134 |     37 |      5 |    899 |   3 |  390.3 |
               +--------+--------+--------+--------+--------+-----+--------+

Top non-repeatable levels by time:
     D:3: 881 daAuts
     D:2: 163 daAuts
     D:1: 126 daAuts
